 Dungeon Crawl Stone Soup version 0.31.0-12-g77e489cdc1 (webtiles) character file.

Game seed: 12397985449184166796

2438 hawla the Fighter (level 9, -5/75 (83) HPs)
             Began as a Minotaur Fighter on Feb 18, 2024.
             Was a Follower of Yredelemnul.
             Killed by divine providence
             ... invoked by Jeremiah
              (8 damage)
             ... on level 6 of the Dungeon.
             The game lasted 00:11:47 (5339 turns).

hawla the Fighter (Minotaur Fighter)                Turns: 5339, Time: 00:11:49

HP:   -5/75 (83)    AC: 14    Str: 22    XL:     9   Next: 25%
MP:   4/9           EV: 11    Int:  5    God:    Yredelemnul [*.....]
Gold: 15            SH:  5    Dex: 13    Spells: 8/8 levels left

rFire   . . .        x - +2 long sword (elec)
rCold   . . .        c - +0 buckler
rNeg    . . .        f - +1 chain mail
rPois   .            (helmet restricted)
rElec   .            (no cloak)
rCorr   .            b - +2 pair of gloves {hurl}
SInv    .            (no boots)
Will    .....        (no amulet) Stlth
                     (no ring)
HPRegen 0.32/turn    (no ring)
MPRegen 0.11/turn

%: no passive effects
@: weakened, drained
A: horns 2, retaliatory headbutt
a: Renounce Religion, Recall Undead Harvest


You were on level 6 of the Dungeon.
You worshipped Yredelemnul.
Yredelemnul was noncommittal.
You visited 2 branches of the dungeon, and saw 7 of its levels.

You collected 268 gold pieces.
You spent 253 gold pieces at shops.

Inventory:

Hand Weapons
 x - a +2 long sword of electrocution (weapon)
Missiles
 k - 20 poisoned darts (quivered)
Armour
 b - a +2 pair of gloves of hurling (worn)
 c - a +0 buckler (worn)
 f - a +1 chain mail (worn)
Jewellery
 e - a ring of ice
 i - a ring of fire
 j - a +6 ring of strength
 l - a ring of ice
 r - a ring of poison resistance
Wands
 g - a wand of polymorph (5)
 y - a wand of iceblast (10)
Scrolls
 t - 2 scrolls of identify
 u - 2 scrolls of vulnerability {unknown}
 v - a scroll of fog
Potions
 d - a potion of might
 h - 4 potions of curing
 n - a potion of berserk rage
 p - 2 potions of resistance
 q - a potion of enlightenment {unknown}
 s - a potion of lignification {unknown}
 w - a potion of degeneration {unknown}


   Skills:
 - Level 9.0 Fighting
 + Level 4.2 Long Blades
 + Level 5.0 Armour
 - Level 8.0 Dodging
 - Level 5.0 Shields
 + Level 2.6 Invocations
 - Level 4.0 Evocations


You had 8 spell levels left.
You didn't know any spells.
Your spell library was empty.

Dungeon Overview and Level Annotations

Branches:
Dungeon (6/15)             Temple (1/1) D:5

Altars:
Ashenzari
Cheibriados
Dithmenos
Elyvilon
Fedhas
Gozag
Hepliaklqana
Kikubaaqudgha
Makhleb
Nemelex Xobeh
Okawaru
Qazlal
Ru
Sif Muna
Trog
Uskayaw
Vehumet
Wu Jian
Xom
Yredelemnul
Zin
The Shining One

Shops:
D:1 **(:   D:5 !   D:6 (

Annotations:
D:1 dig the tomes
D:6 Jeremiah


Innate Abilities, Weirdness & Mutations

You have a pair of horns on your head.
You reflexively headbutt those who attack you in melee.


Message History

You feel as though you will be weak longer.
You barely miss the ice beast. Your headbutt misses the ice beast.
The ice beast is lightly wounded.
Your surroundings suddenly seem different.
You begin recalling your allies.
Your ice beast zombie is recalled.
Your spectral ufetubus is recalled.
Yredelemnul sends a servant to aid you.
Yredelemnul accepts your bounty of souls!
You can no longer trade souls for undead servants.
Your orc priest zombie is recalled.
Your scorpion zombie is recalled.
You finish recalling your allies.
You start resting.
A gnoll bouda is nearby!
You swap places.
The gnoll bouda hits your scorpion zombie with a +0 club!
You swap places.
The orc shouts!
The gnoll bouda hits you with a +0 club.
* * * LOW HITPOINT WARNING * * *
There are monsters nearby!
As you read the scroll labelled UVIPIUNUSU, it crumbles to dust.
It is a scroll of enchant armour.
Your +0 chain mail glows green for a moment.
The gnoll bouda hits you but does no damage.
You swap places.
The gnoll bouda barely misses your scorpion zombie.
Unknown command.
You swap places.
The gnoll bouda hits you but does no damage.
Jeremiah throws their arms up pleadingly.
Something smites you!
* * * LOW HITPOINT WARNING * * *
You block the gnoll bouda's attack.
You closely miss the gnoll bouda. Your headbutt misses the gnoll bouda.
Your scorpion zombie hits the gnoll bouda but does no damage.
Jeremiah cries, "Fearful master, protect me!"
Something smites you!
You die...
Jeremiah asks, "What happened?
Did... did you die?"
Your body rises from the dead as a mindless zombie.

.#######Z# ..#
#Z# ####.# #Z#
..##.# #.# #
#.##.###.#
###.##.##Y....#
.......).#####
#.##.##Y#######
#...@goFbb.....
####Z##b###.###
#Z##.# #n##.#
#Z##g#
#Z##.ggb_b.'
#.##b#b8b8.#
#.##b#b...b#
...Fb# #b###


You could see Jeremiah, an ice beast (ally target), a gnoll bouda, an orc, a
friendly spectral ufetubus, a friendly necrophage (summoned), a friendly
bullfrog zombie, a friendly scorpion zombie and a friendly orc priest zombie.

Vanquished Creatures
  Pikel (D:4)
  The ghost of middlethird the Magician, a novice VSCj (D:5)
  Grinder (D:4)
  Sigmund (D:5)
  Edmund (D:4)
  A water moccasin (D:6)
  2 black bears
  A kobold brigand (D:5)
  Blork the orc (D:4)
  A bullfrog (D:6)
  2 scorpions
  A howler monkey (D:5)
  4 hounds
  A jelly (D:4)
  3 orc priests
  3 orc wizards
  9 gnolls
  5 adders
  2 shadow imps (D:6)
  A white imp (D:6)
  2 ufetubi (D:6)
  6 dart slugs
  A ribbon worm (D:2)
  13 orcs
  7 ball pythons
  2 bats (D:1)
  2 endoplasms
  5 giant cockroaches
  8 goblins
  2 hobgoblins
  7 jackals (D:1)
  18 kobolds
  6 quokkas
  2 frilled lizards
  6 rats
129 creatures vanquished.

Vanquished Creatures (collateral kills)
  An ice beast (D:6)
  An orc priest (D:6)
  An orc (D:6)
3 creatures vanquished.

Vanquished Creatures (others)
  A gnoll (D:6)
  2 orc zombies
  A spectral white imp (D:6)
  2 gnoll zombies (D:6)
  2 kobold zombies (D:5)
8 creatures vanquished.

Grand Total: 140 creatures vanquished

Notes
Turn   | Place    | Note
-------+----------+-------------------------------------------
     0 | D:1      | hawla the Minotaur Fighter began the quest for the Orb.
     0 | D:1      | Reached XP level 1. HP: 19/19 MP: 0/0
    51 | D:1      | Found Ohyill's Assorted Antiques.
   130 | D:1      | Found Qoivumuh's Book Shop.
   130 | D:1      | Noticed a walking crystal tome
   131 | D:1      | Noticed a walking frostbound tome
   141 | D:1      | Reached XP level 2. HP: 23/26 MP: 1/1
   292 | D:1      | Found Onaclef's Assorted Antiques.
   407 | D:1      | Reached skill level 5 in Shields
   592 | D:1      | Found Tausydghe's Antique Weapon Emporium.
   619 | D:1      | Reached XP level 3. HP: 31/31 MP: 2/2
   624 | D:1      | Reached skill level 1 in Dodging
  1073 | D:2      | Found a shadowy altar of Dithmenos.
  1169 | D:2      | Reached XP level 4. HP: 39/39 MP: 3/3
  1843 | D:3      | Identified the +1 helmet "Odwingec" {Int+3 Stlth+}
  2228 | D:3      | Reached XP level 5. HP: 45/45 MP: 4/4
  2378 | D:4      | Noticed a lemure
  2378 | D:4      | Noticed a lemure
  2378 | D:4      | Noticed Pikel
  2382 | D:4      | Noticed a lemure
  2384 | D:4      | Noticed a lemure
  2391 | D:4      | Killed Pikel
  2392 | D:4      | Reached XP level 6. HP: 39/51 MP: 5/5
  2392 | D:4      | Reached XP level 7. HP: 44/57 MP: 6/6
  2498 | D:4      | Noticed Blork the orc
  2546 | D:4      | Noticed Grinder
  2557 | D:4      | Paralysed by Grinder for 2 turns
  2560 | D:4      | Killed Blork the orc
  2561 | D:4      | Reached skill level 4 in Fighting
  2570 | D:4      | Paralysed by Grinder for 2 turns
  2575 | D:4      | Killed Grinder
  2576 | D:4      | Reached skill level 6 in Fighting
  2973 | D:4      | Reached XP level 8. HP: 66/71 MP: 7/7
  3148 | D:4      | Reached skill level 7 in Fighting
  3245 | D:4      | Noticed Edmund
  3273 | D:4      | Killed Edmund
  3737 | D:5      | Entered Level 5 of the Dungeon
  3755 | D:5      | Reached skill level 8 in Fighting
  4003 | D:5      | Found Suolehom's Distillery.
  4011 | D:5      | Bought a potion of resistance for 110 gold pieces
  4105 | D:5      | Found a staircase to the Ecumenical Temple.
  4120 | D:5      | Reached skill level 9 in Fighting
  4127 | Temple   | Entered the Ecumenical Temple
  4144 | Temple   | Became a worshipper of Yredelemnul the Dark
  4258 | D:5      | Noticed Sigmund
  4263 | D:5      | Killed Sigmund
  4306 | D:5      | Found a runed translucent gate.
  4308 | D:5      | Found a runed translucent gate.
  4309 | D:5      | Found a runed translucent gate.
  4311 | D:5      | Noticed middlethird's ghost (novice VSCj)
  4656 | D:5      | Killed middlethird's ghost
  4657 | D:5      | Reached skill level 1 in Invocations
  4657 | D:5      | Reached XP level 9. HP: 59/83 MP: 8/8
  4660 | D:5      | Reached * piety under Yredelemnul
  4827 | D:6      | Found Qetumu Ygoas's Antique Weapon Shoppe.
  5027 | D:6      | Reached ** piety under Yredelemnul
  5109 | D:6      | Reached *** piety under Yredelemnul
  5196 | D:6      | Bought a runed long sword for 143 gold pieces
  5309 | D:6      | Noticed Jeremiah
  5310 | D:6      | Reached skill level 5 in Armour
  5310 | D:6      | Found a shimmering blue altar of Sif Muna.
  5338 | D:6      | HP: 2/75 [Jeremiah/divine providence (14)]
  5339 | D:6      | Killed from afar by Jeremiah

Illustrated notes

Levels and vault maps discovered:
D:1:      minmay_arrival_doors, layout_basic, serial_shops,
          nicolae_shop_peninsula, shop, nicolae_shop_mannequins, shop
D:2:      layout_basic, basic_altar
D:3:      layout_loops_cross, chequers_serial_rivers_micro_b
D:4:      layout_loops_corners, supply_closet_lemuel, uniq_blork_the_orc,
          uniq_grinder, uniq_pikel, uniq_edmund
D:5:      layout_loops_ring, minmay_temple_entry_statues_fountains,
          serial_shops, shop, gammafunk_ghost_nasty_kobolds,
          kennysheep_big_empty_room, uniq_sigmund
D:6:      layout_loops_ring, kennysheep_little_box, serial_shops, shop_statue,
          grunt_decor_resistance, uniq_jeremiah
Temple:   grunt_wide_crystal_templ

Skill      XL: |  1  2  3  4  5  6  7  8  9 |
---------------+----------------------------+-----
Shields        | 4 5 |  5.0
Dodging        | 2 4 7 8 |  8.0
Fighting       | 6 9 |  9.0
Evocations     | 4 |  4.0
Long Blades    | 3 4 |  4.2
Armour         | 4 5 |  5.0
Invocations    | 1 2 |  2.6

Action                     |  1- 3 |  4- 6 |  7- 9 || total
---------------------------+-------+-------+-------++-------
  Melee: Long sword        |    89 |    68 |   255 ||   412
         Headbutt          |    17 |     9 |    49 ||    75
         Unarmed           |       |       |    17 ||    17
 Invoke: Recall Undead Har |       |       |     1 ||     1
         Dark Bargain      |       |       |     1 ||     1
  Evoke: Wand              |       |       |     1 ||     1
    Use: Scroll            |     4 |     1 |     9 ||    14
         Potion            |       |       |     2 ||     2
 Armour: Scale mail        |    40 |       |       ||    40
         Chain mail        |     9 |    63 |   216 ||   288
         Skin              |       |       |    11 ||    11
  Dodge: Dodged            |    46 |    27 |   161 ||   234
  Block: Buckler           |    21 |    17 |    73 ||   111
